 Dungeon Crawl Stone Soup version 0.25-b1-23-ge2ad7d536c (webtiles) character file.

Game seed: 8806372744682238561, levelgen mode: deterministic

1801 lepoulpe303 the Ruffian (level 8, -5/79 HPs)
             Began as a Troll Monk on May 29, 2020.
             Was a Believer of Qazlal.
             Incinerated by a smoke demon (7 damage)
             ... with a sticky flame
             ... on level 6 of the Dungeon.
             The game lasted 00:15:49 (4359 turns).

lepoulpe303 the Ruffian (Troll Monk)                Turns: 4359, Time: 00:15:49

Health: -5/79      AC:  7    Str: 21      XL:     8   Next: 83%
Magic:  8/8        EV: 12    Int:  6      God:    Qazlal [**....]
Gold:   286        SH:  3    Dex: 12 (13) Spells: 7/7 levels left

rFire    . . .     SeeInvis .     - Unarmed
rCold    . . .     Gourm    +   (no shield)
rNeg     + . .     Faith    .   j - +0 robe {rN+} {rN+}
rPois    .         Spirit   .   (helmet restricted)
rElec    .         Reflect  .   l - +0 cloak
rCorr    .         Harm     .   (gloves unavailable)
MR       .....                  (boots unavailable)
Stlth    +.........             R - amulet of regeneration
HPRegen  1.03/turn              (no ring)
MPRegen  0.11/turn              (no ring)

@: liquid flames, glowing
A: large, unfitting armour, claws 3, fast metabolism 3, gourmand, regeneration
1, shaggy fur 1, tough skin 3
a: Upheaval, Renounce Religion


You were on level 6 of the Dungeon.
You worshipped Qazlal.
Qazlal was pleased with you.
You were very full.

You visited 2 branches of the dungeon, and saw 7 of its levels.

You collected 286 gold pieces.

Inventory:

Missiles
 g - 12 poisoned darts (quivered)
Armour
 j - a +0 robe of positive energy (worn) {rN+}
 k - a +0 robe of positive energy {rN+}
 l - a +0 cloak (worn)
Jewellery
 R - an amulet of regeneration (around neck)
Wands
 c - a wand of paralysis (7)
 r - a wand of iceblast (6)
 u - a wand of flame (11)
 y - a wand of enslavement (8)
 D - a wand of digging (6)
Scrolls
 a - 3 scrolls of remove curse {unknown}
 b - a scroll of amnesia {unknown}
 h - 4 scrolls of immolation {!r}
 i - a scroll of identify
 m - 2 scrolls of enchant weapon {unknown}
 n - a scroll of random uselessness {unknown}
 o - a scroll of fear {unknown}
 p - a scroll of enchant armour {unknown}
 s - a scroll of fog {unknown}
 t - 3 scrolls of teleportation
 w - a scroll of silence {unknown}
Potions
 d - 2 potions of berserk rage {unknown}
 f - a potion of might {unknown}
 q - 2 potions of curing
 v - 2 potions of haste {unknown}
 z - a potion of heal wounds {unknown}
Comestibles
 e - 13 rations
 x - 6 chunks of flesh


   Skills:
 + Level 4.4 Fighting
 + Level 3.9 Throwing
 * Level 5.9 Dodging
 - Level 1.0 Stealth
 * Level 7.1 Unarmed Combat
 * Level 1.8 Invocations


You had 7 spell levels left.
You didn't know any spells.
Your spell library contained the following spells:

 Spells                   Type           Power        Failure   Level  Hunger
 Confusing Touch          Hex            #.......     83%         3    ####...
 Gell's Gravitas          Tloc           #.........   83%         3    ####...
 Petrify                  Tmut/Erth      #.......     99%         4    #####..
 Metabolic Englaciation   Hex/Ice        #.........   100%        5    ######.
 Yara's Violent Unravell  Hex/Tmut       #.........   100%        5    ######.


Dungeon Overview and Level Annotations

Branches:
Dungeon (6/15)             Temple (1/1) D:5

Altars:
Ashenzari
Cheibriados
Dithmenos
Elyvilon
Fedhas
Gozag
Hepliaklqana
Kikubaaqudgha
Makhleb
Nemelex Xobeh
Qazlal
Sif Muna
Trog
Uskayaw
Vehumet
Wu Jian
Xom
Yredelemnul
Zin
The Shining One


Innate Abilities, Weirdness & Mutations

You are too large for most types of armour.
You have claws for hands.
Your metabolism is lightning-fast.
You like to eat raw meat.
Your natural rate of healing is unusually fast.
You are covered in fur. (AC +1)
You have extremely tough skin. (AC +3)


Message History

It was a potion of curing.
You feel better.
q - 2 potions of curing;
a - 3 scrolls labeled JUIMNE AHIKA You are covered in liquid flames!
* * * LOW HITPOINT WARNING * * *
The hellwing hits you but does no damage. x2
The shadow imp puffs mist at you. The smoke demon hits you.
* * * LOW HITPOINT WARNING * * *
The smoke demon hits you but does no damage.
The smoke demon barely misses you.
You regained 2 hp, and now have 4/79 hp.
Okay, then.
You claw the smoke demon!
You kill the smoke demon!
You are covered in liquid flames!
The hellwing barely misses you. The hellwing hits you.
* * * LOW HITPOINT WARNING * * *
You take 2 damage, and have 2/79 hp.
You are covered in liquid flames!
You die...

#.# #.# # #.# ####### #.# .[.(..#
##.# #####...######### #<.## ###.
...##...###...####### ##..
#....○.4#..........### #
.#.#######.....©@....#...##...# #
...........#########.###..###.###
##.#####...#8P.©.P8#.####......##
...........#≈...[.≈#.##..÷.....##
##.#####...####'####.##.#........
....## #...#e≈...≈5#.##.##.......
.....###...#5≈...≈5#.(). ##...#..
......####.#5≈P≈≈≈o#............#
......# #.#o≈≈♣≈≈K#.#####......#


You could see a deep elf knight, a hellwing (summoned), an orc priest and 4
shadow imps.

Levels and vault maps discovered:
D:1:      kb_arrival_jail, layout_basic, hangedman_decor_lopped
D:2:      layout_basic, tgw_xom, minmay_tripent, uniq_crazy_yiuf_cottage
D:3:      layout_loops_ring, minitemple, corexii_corridor_pit, uniq_sigmund
D:4:      layout_basic, lemuel_round_altar, tgw_trog, uniq_duvessa, uniq_robin,
          uniq_grinder
D:5:      layout_basic, grunt_temple_overflow_growth_and_decay,
          kennysheep_little_box, temple_hall, first_ration,
          gammafunk_ghost_mausoleum, uniq_ijyb
D:6:      gammafunk_wand_slinger, layout_rooms, uniq_edmund
Temple:   nicolae_temple_hex_pool

Notes
Turn   | Place    | Note
-------+----------+-------------------------------------------
     0 | D:1      | lepoulpe303 the Troll Monk began the quest for the Orb.
     0 | D:1      | Reached XP level 1. HP: 22/22 MP: 0/0
     2 | D:1      | Noticed an ogre
     2 | D:1      | Noticed a felid
     4 | D:1      | Noticed a centaur
     6 | D:1      | Noticed a vampire
     6 | D:1      | Noticed a tengu
     8 | D:1      | Noticed a merfolk
     8 | D:1      | Noticed a demonspawn
    10 | D:1      | Noticed a formicid
    10 | D:1      | Noticed a vine stalker
    12 | D:1      | Noticed an elf
    12 | D:1      | Noticed a minotaur
    14 | D:1      | Noticed a dwarf
    16 | D:1      | Noticed a draconian
    18 | D:1      | Noticed a human
    18 | D:1      | Noticed a demigod
    20 | D:1      | Noticed a naga
    22 | D:1      | Noticed a spriggan
    22 | D:1      | Noticed a ghoul
    24 | D:1      | Noticed a gargoyle
    24 | D:1      | Noticed an octopode
    26 | D:1      | Noticed a troll
    26 | D:1      | Noticed a halfling
    54 | D:1      | Identified a +0 club
    55 | D:1      | lepoulpe303: !whichgod trmo
    55 | D:1      | meem: 160 recent wins for trmo: 35x Okawaru, 28x Ru, 19x
                  | Cheibriados, 11x The Shining One, 10x Wu Jian, 10x
                  | Yredelemnul, 9x Jiyva, 8x Qazlal, 7x Hepliaklqana, 6x Zin,
                  | 6x Makhleb, 5x Elyvilon, 3x Trog, 2x Nemelex Xobeh, Uskayaw
    57 | D:1      | Identified a +0 club
   483 | D:1      | Reached XP level 2. HP: 26/29 MP: 1/1
   663 | D:2      | Found a runed translucent door.
   664 | D:2      | Identified a +3 quarterstaff of chaos
   664 | D:2      | Identified a +0 cloak
   664 | D:2      | Noticed Crazy Yiuf
   798 | D:2      | Reached XP level 3. HP: 36/36 MP: 2/2
   815 | D:2      | Noticed a bullfrog
   820 | D:2      | Killed a bullfrog
   820 | D:2      | Reached skill level 1 in Throwing
   820 | D:2      | Reached skill level 3 in Dodging
   820 | D:2      | Reached XP level 4. HP: 36/44 MP: 3/3
   935 | D:2      | Identified a +0 dagger
   955 | D:2      | Identified a +0 club
  1080 | D:2      | Found a shimmering altar of Xom.
  1311 | D:2      | Killed Crazy Yiuf
  1311 | D:2      | Reached skill level 4 in Unarmed Combat
  1352 | D:3      | Identified a +0 falchion
  1352 | D:3      | Identified a +0 ring mail
  1353 | D:3      | Identified a +0 dagger
  1353 | D:3      | Identified a +0 robe of positive energy
  1353 | D:3      | Identified a +0 club
  1375 | D:2      | Reached XP level 5. HP: 19/52 MP: 4/4
  1472 | D:3      | Identified a +0 club
  1480 | D:3      | Reached skill level 3 in Fighting
  1482 | D:3      | Identified a +0 mace
  1482 | D:3      | Identified a +0 leather armour
  1485 | D:3      | Identified a +0 dagger
  1573 | D:3      | Identified a +0 club
  1576 | D:3      | Identified 3 scrolls of teleportation
  1581 | D:3      | Identified 2 scrolls of blinking
  1582 | D:3      | Identified 2 scrolls of immolation
  1583 | D:3      | Identified 2 scrolls of identify
  1583 | D:3      | Identified an amulet of regeneration (You found it on level
                  | 2 of the Dungeon)
  1589 | D:3      | Identified a +0 scythe of flaming
  1589 | D:3      | Identified a +0 robe
  1589 | D:3      | Noticed Sigmund
  1612 | D:3      | Killed Sigmund
  1612 | D:3      | Reached skill level 2 in Throwing
  1612 | D:3      | Reached skill level 4 in Dodging
  1612 | D:3      | Reached XP level 6. HP: 53/61 MP: 5/5
  1987 | D:3      | Identified a cursed +0 club
  2022 | D:3      | Identified a +0 club
  2024 | D:3      | Identified a +0 dagger
  2028 | D:3      | Reached skill level 5 in Unarmed Combat
  2065 | D:3      | Found a basalt altar of Yredelemnul.
  2065 | D:3      | Found a shadowy altar of Dithmenos.
  2319 | D:4      | Noticed Grinder
  2337 | D:4      | Paralysed by Grinder for 2 turns
  2346 | D:4      | Killed Grinder
  2346 | D:4      | Reached XP level 7. HP: 43/67 MP: 6/6
  2399 | D:4      | Identified a +0 dagger
  2414 | D:4      | Identified a +0 dagger
  2421 | D:4      | Identified a +3 spear of freezing
  2421 | D:4      | Identified a +0 animal skin
  2421 | D:4      | Identified a +0 helmet
  2421 | D:4      | Noticed Robin
  2434 | D:4      | Identified a +0 club
  2462 | D:4      | Killed Robin
  2480 | D:4      | Identified a +2 short sword of venom
  2480 | D:4      | Identified a +0 leather armour
  2480 | D:4      | Noticed Duvessa
  2480 | D:4      | Identified a +0 dagger
  2480 | D:4      | Identified a cursed +0 robe
  2480 | D:4      | Noticed Dowan
  2480 | D:4      | Identified a +0 whip
  2480 | D:4      | Identified a +0 falchion
  2480 | D:4      | Identified a +0 scale mail
  2480 | D:4      | Identified a +0 leather armour
  2489 | D:4      | Killed Duvessa
  2497 | D:4      | Killed Dowan
  2513 | D:4      | Reached skill level 3 in Throwing
  2544 | D:4      | Identified a +0 giant spiked club
  2554 | D:4      | Reached skill level 6 in Unarmed Combat
  2607 | D:4      | Reached skill level 5 in Dodging
  2662 | D:4      | Found a burning altar of Makhleb.
  2662 | D:4      | Identified a +2 dagger of draining
  2662 | D:4      | Identified a +0 robe
  2662 | D:4      | Identified a +0 club
  2667 | D:4      | Identified a +3 dagger
  2667 | D:4      | Identified a +0 robe
  2667 | D:4      | Identified a cursed -3 dagger
  2667 | D:4      | Identified a +0 robe
  2677 | D:4      | Reached XP level 8. HP: 74/78 MP: 7/7
  2682 | D:4      | Reached skill level 4 in Fighting
  2689 | D:4      | Identified a +0 hand axe
  2835 | D:4      | Noticed a moth of wrath
  2838 | D:4      | Found a bloodstained altar of Trog.
  3027 | D:5      | Entered Level 5 of the Dungeon
  3036 | D:5      | Identified a +0 giant spiked club
  3068 | D:5      | Identified a +1 leather armour of magic resistance
  3068 | D:5      | Noticed Ijyb
  3084 | D:5      | Killed Ijyb
  3098 | D:5      | Found a transporter.
  3098 | D:5      | Noticed smbutler8's ghost (amateur TrFi)
  3120 | D:5      | Found a transporter.
  3134 | D:5      | Identified a +0 giant spiked club
  3177 | D:5      | Found a blossoming altar of Fedhas.
  3177 | D:5      | Found an ancient bone altar of Kikubaaqudgha.
  3223 | D:5      | Identified a +0 mace
  3223 | D:5      | Identified a +0 leather armour
  3224 | D:5      | Identified a +0 dagger
  3224 | D:5      | Identified a +0 flail
  3224 | D:5      | Identified a +0 leather armour
  3274 | D:5      | Found a shimmering blue altar of Sif Muna.
  3418 | D:5      | Found a staircase to the Ecumenical Temple.
  3429 | Temple   | Entered the Ecumenical Temple
  3524 | Temple   | Became a worshipper of Qazlal Stormbringer
  3524 | Temple   | Reached * piety under Qazlal
  3524 | Temple   | Reached ** piety under Qazlal
  3917 | D:5      | Killed smbutler8's ghost
  3941 | D:5      | Identified a +0 robe of positive energy (You found it on
                  | level 5 of the Dungeon)
  3983 | D:6      | Found a transporter.
  3995 | D:6      | Reached skill level 1 in Invocations
  4025 | D:6      | Reached skill level 7 in Unarmed Combat
  4073 | D:6      | Found a transporter.
  4077 | D:6      | Identified a +0 dagger
  4077 | D:6      | Identified a +0 robe
  4077 | D:6      | Noticed a kobold demonologist
  4078 | D:6      | Identified a +0 dagger
  4078 | D:6      | Identified a +0 robe
  4078 | D:6      | Noticed a kobold demonologist
  4087 | D:6      | Identified a +0 trident
  4099 | D:6      | Identified a +2 scimitar of holy wrath
  4099 | D:6      | Noticed a deep elf knight
  4151 | D:6      | Identified a +1 flail of holy wrath
  4151 | D:6      | Identified a +0 scale mail
  4151 | D:6      | Noticed Edmund
  4162 | D:6      | Killed Edmund
  4252 | D:6      | Identified a +0 leather armour
  4279 | D:6      | Identified a +0 club
  4279 | D:6      | Identified a +0 chain mail
  4280 | D:6      | Identified a +0 short sword
  4346 | D:6      | Noticed a smoke demon
  4349 | D:6      | Noticed a hellwing
  4355 | D:6      | HP: 19/79 [smoke demon/divine providence[a kobold
                  | demonologist] (13)]
  4356 | D:6      | HP: 2/79 [smoke demon/divine providence[a kobold
                  | demonologist] (13)]
  4357 | D:6      | Identified 3 potions of curing
  4359 | D:6      | Incinerated by a smoke demon

Table legend:
 A = Turns spent in this place as a percentage of turns spent in the entire game.
 B = Non-inter-level travel turns spent in this place as a percentage of non-inter-level travel turns spent in the entire game.
 C = Inter-level travel turns spent in this place as a percentage of turns spent in this place.
 D = Turns resting spent in this place as a percentage of non-inter-level travel turns spent in this place.
 E = Turns spent auto-exploring this place as a percentage of non-inter-level travel turns spent in this place.
 F = Non-inter-level travel turns spent in this place divided by the number of levels of this place that you've seen.
                   A       B       C       D       E      F
               +-------+-------+-------+-------+-------+----------------------
         Total | 100.0 | 100.0 |   7.8 |   6.0 |  68.0 | 574.4
       Dungeon |  97.3 |  98.1 |   7.0 |   6.1 |  67.4 | 657.3
        Temple |   2.7 |   1.9 |  35.3 |   0.0 |  97.4 |  77.0
               +-------+-------+-------+-------+-------+----------------------

Table legend:
 A = Kills in this place as a percentage of kills in entire the game.
 B = Kills by you in this place as a percentage of kills by you in the entire game.
 C = Kills by friends in this place as a percentage of kills by friends in the entire game.
 D = Other kills in this place as a percentage of other kills in the entire game.
 E = Experience gained in this place as a percentage of experience gained in the entire game.
 F = Experience gained in this place divided by the number of levels of this place that you have seen.
                   A       B       C       D       E      F
               +-------+-------+-------+-------+-------+----------------------
         Total | 100.0 | 100.0 |   N/A |   N/A | 100.0 | 367.6
       Dungeon | 100.0 | 100.0 |   N/A |   N/A | 100.0 | 428.8
               +-------+-------+-------+-------+-------+----------------------

Skill      XL: |  1  2  3  4  5  6  7  8 |
---------------+-------------------------+-----
Throwing       | 1 2 3 |  3.9
Dodging        | 3 4 5 |  5.9
Unarmed Combat | 4 5 6 7 |  7.1
Fighting       | 3 4 |  4.4
Invocations    | 1 |  1.8
Stealth        | |  1.0

Action                   |  1- 3 |  4- 6 |  7- 9 || total
-------------------------+-------+-------+-------++-------
Melee: Unarmed           |    69 |    96 |   232 ||   397
       Punch             |       |     1 |     9 ||    10
Throw: Dart              |       |       |    23 ||    23
  Use: Scroll            |       |     4 |     1 ||     5
       Potion            |       |       |     1 ||     1
 Stab: Sleeping          |     1 |     2 |       ||     3
  Eat: Chunk             |    13 |    13 |    19 ||    45
Armor: Robe              |    41 |    25 |    82 ||   148
Dodge: Dodged            |    56 |    37 |   134 ||   227
Block: Other             |       |       |     6 ||     6

Vanquished Creatures
  Grinder (D:4)
  Sigmund (D:3)
  Edmund (D:6)
  Duvessa (D:4)
  The ghost of smbutler8 the Shield-Bearer, an amateur TrFi (D:5)
  A phantom (D:6)
  3 ogres
  A bullfrog (D:2)
  Dowan (D:4)
  A howler monkey (D:4)
  2 hounds
  A jelly (D:6)
  3 orc priests
  Crazy Yiuf (D:2)
  A bullfrog skeleton (D:5)
  4 orc wizards
  Ijyb (D:5)
  3 worker ants (D:4)
  2 hound zombies (D:5)
  Robin (D:4)
  A howler monkey skeleton (D:5)
  6 adders
  A shadow imp (D:5)
  An ooze (D:2)
  2 adder zombies
  6 worms
  A dart slug (D:3)
  3 leopard geckos
  10 orcs
  2 giant cockroaches
  15 goblins
  5 hobgoblins
  12 jackals
  A ball python (D:3)
  4 bats
  4 frilled lizards
  A jackal skeleton (D:4)
  5 kobolds
  A leopard gecko zombie (D:5)
  6 rats
118 creatures vanquished.
